[Event "Live Chess"]
[Site "Chess.com"]
[Date "2023.05.21"]
[Round "-"]
[White "whitedjohn"]
[Black "GEMdzq"]
[Result "0-1"]
[WhiteElo "1647"]
[BlackElo "2217"]
[TimeControl "300"]
[EndTime "16:01:02 PDT"]
[Termination "GEMdzq won by resignation"]

1. e4 d6 2. d4 Nf6 3. Nc3 g6 4. Bc4 Bg7 5. Qe2 Nfd7 6. Be3 Na6 7. Bxa6 bxa6 8. Nf3 Rb8 9. b3 c5 10. Rd1 Qa5 11. O-O Qxc3 12. dxc5 Nxc5 13. Bd4 Bxd4 14. Nxd4 Bd7 15. f4 Rb4 16. Rf3 Qb2 17. a4 Rxd4 0-1

[Event "Live Chess"]
[Site "Chess.com"]
[Date "2023.05.21"]
[Round "-"]
[White "HonestJoe1"]
[Black "CameronM1234"]
[Result "1-0"]
[WhiteElo "2096"]
[BlackElo "1095"]
[TimeControl "300"]
[EndTime "16:01:05 PDT"]
[Termination "HonestJoe1 won by checkmate"]

1. d4 Nf6 2. c4 g6 3. Nc3 Bg7 4. e4 d6 5. Nge2 O-O 6. Ng3 c5 7. d5 Nbd7 8. Be2 Ne5 9. f4 Bg4 10. fxe5 Bxe2 11. Qxe2 dxe5 12. O-O Qb6 13. Be3 Rfc8 14. a3 a5 15. Nb5 Nd7 16. b4 axb4 17.
axb4 Rxa1 18. Rxa1 Qd8 19. bxc5 Nxc5 20. Rf1 Nb3 21.
Qf2 Nd4 22. Qxf7+ Kh8 23. Bg5 Qb6 24. Nxd4 exd4 25. Bxe7 d3+ 26. c5 Qb2 27. d6 Rxc5 28. Qe8+ Bf8 29. Qxf8# 1-0

[Event "Live Chess"]
[Site "Chess.com"]
[Date "2023.05.21"]
[Round "-"]
[White "CheckThis4"]
[Black "WelshTiger"]
[Result "1-0"]
[WhiteElo "2525"]
[BlackElo "2369"]
[TimeControl "300"]
[EndTime "16:01:08 PDT"]
[Termination "CheckThis4 won by checkmate"]

1. d4 d5 2. Bg5 c5 3. e4 dxe4 4. d5 Nf6 5. Nc3 a6 6. Nge2 Bf5 7. Ng3 Bg6 8. h4 h6 9. Bxf6 exf6 10. h5 Bh7 11.
Ngxe4 f5 12. Nd2 Be7 13. Qf3 Nd7 14. O-O-O b5 15. d6 Bg5 16. Qe2+ Kf8 17. g3 f4 18. gxf4 Bxf4 19. Kb1 Qg5 20. Nde4 Qe5 21. Qf3 Re8 22.
Ng3 Kg8 23. Bh3 Nf6 24. d7 Rd8 25. Rhe1 Qc7 26. Nd5 Bxc2+ 27. Kxc2 Nxd5 28. Rxd5 Bg5 29. Re8+ Kh7 30. Bf5+ g6 31. Bxg6+ fxg6 32. Qf7# 1-0

[Event "Live Chess"]
[Site "Chess.com"]
[Date "2023.05.21"]
[Round "-"]
[White "toog"]
[Black "Ed_Knox"]
[Result "1-0"]
[WhiteElo "2607"]
[BlackElo "1441"]
[TimeControl "300"]
[EndTime "16:01:09 PDT"]
[Termination "toog won by checkmate"]

1. Nf3 g6 2. g3 Bg7 3. Bg2 d6 4. O-O Nc6 5. d4 Nf6 6. d5 Nb4 7. c4 O-O 8. Nc3 c6 9. a3 Na6 10. dxc6 bxc6 11. Nd4 Bb7 12. Nxc6 Qc7 13. Nd5 Bxc6 14.
Nxc7 Bxg2 15. Nxa6 Bxf1 16. Qxf1 Ne4 17. Qg2 f5 18. f3 Nc5 19. Nxc5 dxc5 20. Be3 Bxb2 21.
Rb1 Rab8 22. Qf2 Bd4 23. Rxb8 Rxb8 24. Bxd4 Rb1+ 25. Kg2 cxd4 26. Qxd4 Rb3 27. c5 Rxa3 28.
c6 Ra6 29. c7 Rd6 30. c8=Q+ Kf7 31. Qdc4+ e6 32. Q8c7+ Kf6 33. Qc3+ e5 34. Qxd6+ Kf7 35. Qcc7+ Kg8 36. Qdd8# 1-0

[Event "Live Chess"]
[Site "Chess.com"]
[Date "2023.05.21"]
[Round "-"]
[White "educatedlad"]
[Black "Outspanner"]
[Result "0-1"]
[WhiteElo "1619"]
[BlackElo "1589"]
[TimeControl "300"]
[EndTime "16:01:14 PDT"]
[Termination "Outspanner won by checkmate"]

1. e4 d6 2. d4 Nf6 3. Nc3 Nbd7 4. f4 e5 5. Nf3 exd4 6. Qxd4 c6 7. Bd2 d5 8. exd5 Bc5 9. Qd3 O-O 10. Na4 Re8+ 11. Be2 Nxd5 12. Nxc5 Nxc5 13. Qa3 Qe7 14. O-O-O Bg4 15.
Bb4 Nxb4 16. Rhe1 a5 17. c3 Nd5 18. Ne5 Bxe2 19. Rxe2 Qf8 20. Rde1 Nxf4 21. Re3 Rxe5 22.
Rxe5 Ncd3+ 23. Kc2 Qxa3 24. bxa3 Nxe1+ 25. Rxe1 Nxg2 26. Re7 Rb8 27. Kb3 Kf8 28. Rd7 Ke8 29. Rc7 f5 30. Rxg7 Kf8 31. Rxg2 Kf7 32. Kc4 b6 33. Kd4 Re8 34. Rf2 Kf6 35. c4 Re4+ 36. Kd3 Ke5 37. h4 Rxh4 38. a4 f4 39. Re2+ Kf5 40. Rf2 Rh3+ 41.
Kd4 Kg4 42. c5 bxc5+ 43. Kxc5 f3 44. Kxc6 Kg3 45. Rc2 f2 46. Rc3+ Kg2 47. Rc2 Kg1 48. Rc1+ f1=Q 49. Rxf1+ Kxf1 50. Kb5 Rh5+ 51. Ka6 Rd5 52.
Kb6 h5 53. Kc6 Rg5 54. Kb6 h4 55. Ka6 h3 56. Kb6 h2 57. Kc6 h1=Q+ 58. Kb6 Qh6+ 59.
Kc7 Rg7+ 60. Kd8 Qh8# 0-1

[Event "Live Chess"]
[Site "Chess.com"]
[Date "2023.05.21"]
[Round "-"]
[White "Hussamalhaidar"]
[Black "nigelst"]
[Result "0-1"]
[WhiteElo "1039"]
[BlackElo "1804"]
[TimeControl "300"]
[EndTime "16:01:39 PDT"]
[Termination "nigelst won by checkmate"]

1. b3 e5 2. Bb2 Nc6 3. e3 d5 4.
Bb5 Bd6 5. Nf3 Bg4 6. h3 Bxf3 7.
Qxf3 Nf6 8. Bxc6+ bxc6 9. d4 e4 10. Qe2 O-O 11. Nd2 Rb8 12. f4 exf3 13. Nxf3 Re8 14.
O-O-O Bf4 15. Kb1 Rxe3 16. Qf2 Ne4 17. Qxe3 Bxe3 18. Ne5 Qd6 19. Rhf1 f6 20. Ng4 Nd2+ 21. Rxd2 Bxd2 22. Ka1 h5 23. Nf2 Re8 24. Nd3 Qg3 25. Nc5 Re1+ 26. Rxe1 Qxe1+ 27. Bc1 Qxc1# 0-1

[Event "Live Chess"]
[Site "Chess.com"]
[Date "2023.05.21"]
[Round "-"]
[White "hturner40"]
[Black "JoeyCage"]
[Result "0-1"]
[WhiteElo "1791"]
[BlackElo "2321"]
[TimeControl "300"]
[EndTime "16:01:59 PDT"]
[Termination "JoeyCage won on time"]

1. Nf3 c5 2. g3 Nc6 3. Bg2 g6 4. O-O Bg7 5. c3 e5 6. e4 Nge7 7. d3 O-O 8. a4 h6 9. Na3 d6 10. Nc4 Rb8 11. Be3 b6 12. Qd2 Kh7 13. h4 a6 14. d4 b5 15. axb5 axb5 16. d5 bxc4 17.
dxc6 Nxc6 18. Rfd1 Qb6 19. Qxd6 Rd8 20. Qxc5 Qxc5 21.
Bxc5 Rxd1+ 22. Rxd1 Rxb2 23. Rd6 Na5 24. Rd8 Be6 25. Bb4 Nc6 26. Rd2 Rb1+ 27. Kh2 Nxb4 28.
cxb4 Rxb4 29. Bf1 Rb5 30. Rc2 Rc5 31. Rc3 f5 32. Nd2 fxe4 33. Nxe4 Rc8 34. Nd6 Rc6 35. Nxc4 e4 36. Rc2 Bd4 37. Ne3 Rxc2 38. Nxc2 Bxf2 39.
Kg2 Bc5 0-1

[Event "Live Chess"]
[Site "Chess.com"]
[Date "2023.05.21"]
[Round "-"]
[White "LL220284LL"]
[Black "AbilifyXL"]
[Result "1-0"]
[WhiteElo "2389"]
[BlackElo "1965"]
[TimeControl "300"]
[EndTime "16:02:10 PDT"]
[Termination "LL220284LL won by resignation"]

1. Nf3 Nf6 2. c4 c6 3. e3 d5 4. b3 Bg4 5. Be2 e6 6. Bb2 Nbd7 7. O-O Be7 8. Nc3 O-O 9. d4 h6 10. h3 Bh5 11. Re1 Rc8 12. Rc1 b6 13. Ne5 Bxe2 14.
Qxe2 c5 15. cxd5 exd5 16. Nxd7 Qxd7 17. Red1 Rfd8 18. Qf3 Qe6 19. Ne2 Ne4 20. dxc5 bxc5 21. Nf4 Qc6 22. Nh5 Bf6 23. Nxf6+ Nxf6 24. Bxf6 Qxf6 25.
Qxf6 gxf6 26. Kf1 Kf8 27. Ke2 Ke7 28. Kf3 Ke6 29. Rc2 Ke5 30. Rdc1 Kd6 31. Kf4 Re8 32. f3 Re5 33. Rd2 Ke6 34. g4 h5 35. Rdc2 Kd6 36. Rg1 Rce8 37. Rgc1 Rc8 38. e4 d4 39. b4 d3 40. bxc5+ Rcxc5 41. Rxc5 Rxc5 42. Rd1 Rc3 43. gxh5 Ke6 44. h6 Rc8 45. Rxd3 Rh8 46. Ra3 Rxh6 47. Kg3 Rg6+ 48. Kf2 Rh6 49. Ra6+ Ke5 50. Ke3 Rxh3 51.
Rxa7 f5 52. Ra5+ Ke6 53. Rxf5 Rh2 54. Ra5 Rc2 55. a4 Rc3+ 56. Kf4 Ra3 57. Ra6+ Ke7 58. a5 f6 59. Kg4 Kf7 60. f4 Ra4 61. Kf5 Rb4 62. Rxf6+ Ke7 63. Rb6 Ra4 64. Rb5 1-0

[Event "Live Chess"]
[Site "Chess.com"]
[Date "2023.05.21"]
[Round "-"]
[White "GEMdzq"]
[Black "Conradical12"]
[Result "1-0"]
[WhiteElo "2218"]
[BlackElo "1604"]
[TimeControl "300"]
[EndTime "16:02:15 PDT"]
[Termination "GEMdzq won by resignation"]

1. e4 e5 2. d4 Nc6 3. Bc4 exd4 4.
c3 dxc3 5. Nf3 cxb2 6. Bxb2 Nf6 7. e5 Bb4+ 8. Nbd2 Qe7 9. O-O Ng4 10. h3 h5 11. Ne4 1-0

[Event "Live Chess"]
[Site "Chess.com"]
[Date "2023.05.21"]
[Round "-"]
[White "wadsy27"]
[Black "EdenHazard8"]
[Result "1-0"]
[WhiteElo "2565"]
[BlackElo "2049"]
[TimeControl "300"]
[EndTime "16:02:19 PDT"]
[Termination "wadsy27 won by resignation"]

1. c4 Nf6 2. g3 c5 3. Bg2 Nc6 4. Nf3 g6 5. Nc3 Bg7 6. d4 cxd4 7. Nxd4 O-O 8. O-O Ng4 9. e3 e5 10. Ndb5 f5 11. Nd6 Nf6 12. Nd5 Ne7 13. b3 h6 14.
Ba3 Nexd5 15. Bxd5+ Nxd5 16. Qxd5+ Kh7 17. Nxc8 Rxc8 18.
Bxf8 Qxf8 19. Rad1 Rc7 20. Qd6 Qxd6 21. Rxd6 Bf8 22.
Rd5 d6 23. e4 fxe4 24. Re1 Rf7 25. Rxe4 g5 26. Kg2 Kg6 27. h4 Kf5 28. f3 1-0

[Event "Live Chess"]
[Site "Chess.com"]
[Date "2023.05.21"]
[Round "-"]
[White "Duke_of_Bebington"]
[Black "domrobson"]
[Result "1/2-1/2"]
[WhiteElo "1584"]
[BlackElo "1772"]
[TimeControl "300"]
[EndTime "16:02:23 PDT"]
[Termination "Game drawn by repetition"]

1. e4 e5 2. Nf3 Nc6 3. Bc4 Nf6 4. d3 Bc5 5. O-O a6 6. Be3 Ba7 7. Bxa7 Nxa7 8. Nc3 d6 9. Re1 Bg4 10. h3 Bh5 11. g4 Nxg4 12. hxg4 Bxg4 13. Re3 Nc6 14.
Qf1 Bxf3 15. Rxf3 Nd4 16. Rxf7 Rf8 17. Rxf8+ Kxf8 18. Qh3 Qg5+ 19. Qg2 Nf3+ 20. Kf1 Nd2+ 21. Kg1 Nf3+ 22. Kf1 Nd2+ 23. Kg1 Nf3+ 1/2-1/2

[Event "Live Chess"]
[Site "Chess.com"]
[Date "2023.05.21"]
[Round "-"]
[White "sanjesh_ananda"]
[Black "Singapourfeuj"]
[Result "0-1"]
[WhiteElo "1081"]
[BlackElo "2189"]
[TimeControl "300"]
[EndTime "16:02:26 PDT"]
[Termination "Singapourfeuj won by checkmate"]

1. e4 e6 2. d4 d5 3. e5 c5 4.
Nf3 Nc6 5. c4 cxd4 6. Nxd4 dxc4 7. Nxc6 Qxd1+ 8. Kxd1 bxc6 9. Bxc4 Ne7 10. Nc3 Nd5 11.
f4 Be7 12. h4 h5 13. Ne4 f5 14. exf6 gxf6 15. Rg1 Rg8 16. a4 a5 17. b3 Ba6 18.
Bd2 Bxc4 19. bxc4 Nb4 20. Bxb4 axb4 21. a5 f5 22. Nf2 O-O-O+ 23. Ke2 Kb7 24. Nd3 Ka6 25. c5 Rd4 26. Ke3 Re4+ 27. Kf3 Rd8 28. Ne5 Bxc5 29. Nxc6 Rd3# 0-1

[Event "Live Chess"]
[Site "Chess.com"]
[Date "2023.05.21"]
[Round "-"]
[White "WilliamofOrange16th"]
[Black "Jo1ts"]
[Result "1-0"]
[WhiteElo "1845"]
[BlackElo "779"]
[TimeControl "300"]
[EndTime "16:02:27 PDT"]
[Termination "WilliamofOrange16th won by resignation"]

1. e4 d5 2. exd5 Qxd5 3. Nc3 Qd8 4. Nf3 Nf6 5. Bc4 Bg4 6. h3 Bh5 7. g4 Bg6 8. O-O Be4 9. Ng5 Bg6 10. d3 e5 11. Qe2 Nc6 12. Bb5 Bd6 13. f4 Qe7 14. Bxc6+ bxc6 15. Re1 exf4 16. Qxe7+ Bxe7 17. Bxf4 Rd8 18. Bxc7 Rd7 19. Bf4 O-O 20. Nge4 Nxe4 21. Nxe4 Re8 22.
Kg2 Bh4 23. Re2 h6 24. Nf6+ gxf6 25. Rxe8+ Kg7 26. Bg3 Bg5 27. Rae1 Rd4 28. Ra8 Ra4 29. a3 Ra6 30. Kf3 Rb6 31. h4 Bd2 32. Re2 Ba5 33.
b4 Bxb4 34. axb4 Rxb4 35. Rxa7 Rb2 36. h5 Bh7 37. Be1 f5 38. Bc3+ 1-0

[Event "Live Chess"]
[Site "Chess.com"]
[Date "2023.05.21"]
[Round "-"]
[White "yeetpizza74"]
[Black "GiacoPietro"]
[Result "1-0"]
[WhiteElo "468"]
[BlackElo "640"]
[TimeControl "300"]
[EndTime "16:02:49 PDT"]
[Termination "yeetpizza74 won on time"]

1. e4 e5 2. Nf3 Nc6 3. Bc4 h6 4. c3 Nf6 5. d4 exd4 6. cxd4 Nxe4 7. O-O d5 8. Bb5 Nd6 9. Re1+ Be7 10. Bxc6+ bxc6 11. Bf4 O-O 12. Bxd6 Bxd6 13. Nc3 Bg4 14. h3 Bh5 15.
Qd3 Rb8 16. Rab1 c5 17. dxc5 Bxc5 18. Nxd5 Bxf3 19. Qxf3 c6 20. Nf4 Qd4 21. Nd3 Bb4 22.
Nxb4 Rxb4 23. Red1 Qb6 24. a3 Rxb2 25. Rxb2 Qxb2 26.
Re1 c5 27. Re2 Qb8 28. Rc2 Qc8 29. Qe3 Re8 30. Qxc5 Qxc5 31. Rxc5 Re1+ 32. Kh2 Ra1 33. Ra5 1-0

[Event "Live Chess"]
[Site "Chess.com"]
[Date "2023.05.21"]
[Round "-"]
[White "CeladonFish"]
[Black "Shepherds_Pie"]
[Result "0-1"]
[WhiteElo "1127"]
[BlackElo "1919"]
[TimeControl "300"]
[EndTime "16:02:52 PDT"]
[Termination "Shepherds_Pie won by resignation"]

1. d4 d5 2. c4 e6 3. Nc3 c5 4.
cxd5 cxd4 5. Qa4+ Bd7 6. Qxd4 exd5 7. Nxd5 Nc6 8. Qf4 Rc8 9. Qe3+ Nge7 10. Nxe7 Bxe7 11.
g3 O-O 12. Bg2 Nb4 0-1

[Event "Live Chess"]
[Site "Chess.com"]
[Date "2023.05.21"]
[Round "-"]
[White "elvenstar"]
[Black "xx_blindpuffin_xx"]
[Result "0-1"]
[WhiteElo "1574"]
[BlackElo "2208"]
[TimeControl "300"]
[EndTime "16:02:54 PDT"]
[Termination "xx_blindpuffin_xx won by resignation"]

1. e4 c6 2. f4 d5 3. exd5 cxd5 4. d4 Bf5 5. Nf3 Nf6 6. c3 e6 7. Bd3 Bxd3 8. Qxd3 Nc6 9. O-O Be7 10. Be3 O-O 11. Ne5 Ne4 12. Nd2 f5 13. Ndf3 Qb6 14. b3 Bf6 15. Nd7 Qa5 16. Nxf8 Rxf8 17. c4 Qa3 18. cxd5 exd5 19. Ne5 Bxe5 20. dxe5 Rd8 21. Qb5 Qe7 22. Rad1 Nc3 23. Qd3 Nxd1 24. Rxd1 Kh8 25. a3 Qxa3 26. Qxf5 Qxb3 27. Qd3 Qxd3 28. Rxd3 h5 29. f5 Nxe5 30. Rb3 b6 31. Bd4 Nc6 32. Bb2 d4 33. Rh3 d3 0-1

[Event "Live Chess"]
[Site "Chess.com"]
[Date "2023.05.21"]
[Round "-"]
[White "Olisingapore"]
[Black "LiamClery2020"]
[Result "0-1"]
[WhiteElo "1844"]
[BlackElo "2068"]
[TimeControl "300"]
[EndTime "16:03:07 PDT"]
[Termination "LiamClery2020 won by resignation"]

1. d4 Nf6 2. c4 g6 3. g3 Bg7 4. Bg2 d6 5. Nf3 O-O 6. O-O Nbd7 7. Nc3 e5 8. e4 exd4 9. Nxd4 Nc5 10. Re1 Re8 11.
h3 a6 12. Bg5 h6 13. Bf4 Nh5 14.
Be3 Nf6 15. Qc2 Be6 16. b3 Qd7 17. Nd5 Nxd5 18. exd5 Bxh3 19. Rad1 Bxg2 20. Kxg2 Re7 21. Qd2 Ne4 22. Qc2 Rae8 23. Rh1 h5 24. Rh4 Bf6 25.
Rf4 Bg5 26. Rxe4 Bxe3 27. Rxe3 Rxe3 28. fxe3 Rxe3 29. Qd2 Qe7 30. Nf3 Re2+ 31. Kf1 Rxd2 32. Rxd2 Qe4 33. Kf2 f6 34. Re2 Qf5 35. Re8+ Kf7 36.
Rb8 g5 37. Rxb7 g4 38. Rxc7+ Kg6 39. c5 Qxf3+ 40. Kg1 dxc5 41. Rxc5 Qe3+ 0-1

[Event "Live Chess"]
[Site "Chess.com"]
[Date "2023.05.21"]
[Round "-"]
[White "HoarseyHorsey"]
[Black "Cimon"]
[Result "0-1"]
[WhiteElo "1426"]
[BlackElo "1861"]
[TimeControl "300"]
[EndTime "16:03:13 PDT"]
[Termination "Cimon won by checkmate"]

1. d4 Nf6 2. c4 g6 3. f3 Bg7 4. e4 d6 5. Nc3 O-O 6. Nge2 c5 7. d5 Na6 8. g4 Nc7 9. a4 a6 10. Bg5 h6 11. Be3 e6 12. Qd2 exd5 13. cxd5 Rb8 14. Bxh6 b5 15. Bxg7 Kxg7 16. h4 b4 17. Nd1 Bxg4 18. fxg4 Nxe4 19. Qe3 Re8 20. h5 Nxd5 21. h6+ Kh7 22. Qf3 Qe7 23. Rh2 Ng5 24. Qd3 Nf4 25. Qd2 Qe5 26. Rc1 Nf3+ 27. Kf2 Nxd2 28.
Nxf4 Qxf4+ 29. Kg1 Qxf1# 0-1

[Event "Live Chess"]
[Site "Chess.com"]
[Date "2023.05.21"]
[Round "-"]
[White "blowerd"]
[Black "Missedidea"]
[Result "0-1"]
[WhiteElo "1384"]
[BlackElo "1812"]
[TimeControl "300"]
[EndTime "16:03:24 PDT"]
[Termination "Missedidea won on time"]

1. e4 c5 2. Nf3 d6 3. Bc4 e6 4. O-O a6 5. d4 b5 6. Be2 cxd4 7. Nxd4 Bb7 8. Bf3 Nf6 9. e5 Nd5 10. exd6 Bxd6 11. Nb3 Qc7 12. Re1 O-O 13. g3 Nd7 14. Nd4 Ne5 15. Bxd5 Bxd5 16. Nc3 Bb7 17. Bf4 Rfd8 18.
Qe2 Ng6 19. Bxd6 Rxd6 20. Rad1 Rad8 21. Qe3 e5 22. Ndxb5 axb5 23. Nxb5 Qc6 24. f3 Qxb5 25. Rxd6 Rxd6 26. Qa3 Qb6+ 27. Kh1 h5 28. Rg1 e4 29.
Qc3 exf3 30. Re1 f2+ 31. Re4 Bxe4+ 0-1

[Event "Live Chess"]
[Site "Chess.com"]
[Date "2023.05.21"]
[Round "-"]
[White "martynstanley"]
[Black "jimwad"]
[Result "0-1"]
[WhiteElo "1002"]
[BlackElo "1226"]
[TimeControl "300"]
[EndTime "16:03:38 PDT"]
[Termination "jimwad won by checkmate"]

1. d4 d5 2. e3 Nc6 3. Bd3 g6 4.
c3 Bg7 5. f4 f5 6. Nf3 Nf6 7.
O-O Bd7 8. Ne5 Nxe5 9. fxe5 Ne4 10. Nd2 e6 11. Rf3 Qg5 12. Rh3 O-O-O 13. Qf3 Qe7 14. Qf4 Ng5 15. Nf3 Nxh3+ 16. gxh3 h6 17. Kf1 g5 18. Qg3 Rdg8 19. Ke2 f4 20. exf4 gxf4 21.
Qxf4 Rf8 22. Qg4 Rhg8 23. Qg1 Bxe5 24. Qf2 Bf4 25. Bxf4 Rxf4 26. Rg1 Rgf8 27. Rg3 e5 28. dxe5 Rxf3 29. Rxf3 Qxe5+ 30. Kd2 Rxf3 31. Qxf3 Qg5+ 32. Kc2 Ba4+ 33. b3 Bd7 34. Qf8+ Qd8 35. Qxd8+ Kxd8 36. c4 dxc4 37. Bxc4 Bxh3 38. Kd3 Bf5+ 39. Ke3 Bb1 40. a4 a5 41. Kf4 b6 42. Kg4 Bg6 43. h4 h5+ 44.
Kg5 Be8 45. Bd3 Ke7 46. Bg6 c6 47. Bxe8 Kxe8 48. Kxh5 Kf7 49. Kh6 Kg8 50. Kg6 b5 51. h5 bxa4 52. bxa4 c5 53. h6 c4 54. h7+ Kh8 55.
Kf5 c3 56. Ke4 c2 57. Kd3 c1=Q 58. Kd4 Qa3 59. Kd5 Qxa4 60. Kc5 Qb4+ 61. Kc6 a4 62. Kd5 Kxh7 63. Kc6 a3 64. Kd5 Kg6 65. Ke6 Qf4 66. Kd5 Kf6 67. Kc6 Ke6 68. Kb7 Qc4 69. Kb6 Kd6 70.
Ka7 Qb5 71. Ka8 Kc7 72. Ka7 Qa5# 0-1

[Event "Live Chess"]
[Site "Chess.com"]
[Date "2023.05.21"]
[Round "-"]
[White "GMHarry-youtube"]
[Black "MarkLim1"]
[Result "1-0"]
[WhiteElo "2008"]
[BlackElo "1663"]
[TimeControl "300"]
[EndTime "16:03:46 PDT"]
[Termination "GMHarry-youtube won by checkmate"]

1. e4 e6 2. d4 d5 3. e5 c5 4. c3 Nc6 5. Nf3 Nge7 6. Bd3 cxd4 7. O-O dxc3 8. Nxc3 Ng6 9. Re1 Bb4 10. Bxg6 hxg6 11. Qb3 Bd7 12. Bg5 Qc7 13. Rac1 Qb6 14. Red1 Rc8 15. Na4 Qa5 16. a3 Be7 17. Bxe7 Kxe7 18.
Nc5 b6 19. Nb7 Qa6 20. Nd6 Nxe5 21. Nxc8+ Rxc8 22. Nxe5 Ba4 23. Qb4+ Rc5 24. Rxc5 bxc5 25. Qxc5+ Kf6 26. Nd7+ Bxd7 27. Rd4 g5 28. Qc3 e5 29.
Rxd5 Be6 30. Rxe5 Kg6 31. Qc2+ Kh6 32. Qe2 Qd6 33. h4 gxh4 34. Qh5# 1-0

[Event "Live Chess"]
[Site "Chess.com"]
[Date "2023.05.21"]
[Round "-"]
[White "HD_IN4k"]
[Black "Pablo_dmp"]
[Result "0-1"]
[WhiteElo "391"]
[BlackElo "1877"]
[TimeControl "300"]
[EndTime "16:03:57 PDT"]
[Termination "Pablo_dmp won by checkmate"]

1. d4 Nf6 2. c4 e6 3. f3 d5 4. cxd5 exd5 5. e4 dxe4 6. fxe4 Nxe4 7. Qf3 Bb4+ 8. Bd2 Nxd2 9. Nxd2 O-O 10. a3 Re8+ 11. Ne2 Bxd2+ 12. Kxd2 c5 13. Re1 cxd4 14. Nxd4 Qxd4+ 15. Qd3 Qxd3+ 16. Kxd3 Rxe1 17. Kd2 Ra1 18. h4 Bg4 19. g3 Nc6 20. b3 Re8 21. b4 Ree1 22.
Bg2 Rxh1 23. Bxh1 Rxh1 24. Kc3 Rh3 25. Kb3 Rxg3+ 26. Ka4 Rh3 27. b5 Rxh4 28. bxc6 bxc6 29. Kb4 Bd7+ 30. Kb3 c5 31. a4 Rxa4 32. Kc3 a5 33. Kd3 Rb4 34. Kc3 a4 35. Kc2 a3 36. Kc3 a2 37. Kc2 a1=R 38. Kc3 Ra3+ 39. Kc2 Bf5+ 40.
Kd2 Rb2+ 41. Kc1 Raa2 42. Kd1 Rb1# 0-1

[Event "Live Chess"]
[Site "Chess.com"]
[Date "2023.05.21"]
[Round "-"]
[White "laminaaprod"]
[Black "f4nomore"]
[Result "1-0"]
[WhiteElo "2247"]
[BlackElo "1425"]
[TimeControl "300"]
[EndTime "16:04:10 PDT"]
[Termination "laminaaprod won by checkmate"]

1. d4 g6 2. c4 Bg7 3. Nc3 d6 4. e4 a6 5. Nf3 Nd7 6. h3 Ngf6 7. e5 dxe5 8. dxe5 Ng8 9. e6 fxe6 10. Ng5 Nc5 11. Qxd8+ Kxd8 12. Nf7+ Ke8 13. Nxh8 Bxh8 14. Be3 b6 15. Bxc5 bxc5 16. Be2 Bb7 17. O-O Bd4 18. Rad1 e5 19. Rd2 Nf6 20. Bd3 Kf7 21. Ne2 e4 22. Bb1 e3 23. Rdd1 exf2+ 24. Kh2 Kg7 25. Nxd4 cxd4 26.
Rxd4 e5 27. Rd2 Nh5 28. Rdxf2 Re8 29. Rf7+ Kh6 30. Rxc7 Ba8 31. Rff7 e4 32. h4 Rh8 33.
g4 e3 34. g5# 1-0

[Event "Live Chess"]
[Site "Chess.com"]
[Date "2023.05.21"]
[Round "-"]
[White "whitedjohn"]
[Black "manthanit"]
[Result "1-0"]
[WhiteElo "1648"]
[BlackElo "1054"]
[TimeControl "300"]
[EndTime "16:04:10 PDT"]
[Termination "whitedjohn won by resignation"]

1. e4 e6 2. d4 d5 3. Nc3 c5 4. dxc5 Bxc5 5. exd5 exd5 6. Qxd5 Qb6 7.
Qe4+ Ne7 8. Nd5 Bxf2+ 9. Ke2 Qe6 10. Nc7+ Kd7 11. Nxe6 fxe6 12. Kxf2 Nbc6 13. Bc4 Kc7 14. Bxe6 Bxe6 15. Qxe6 Rad8 16. Nf3 Rhf8 17. Bg5 Nd4 18.
Qxe7+ Kb8 19. Qxd8+ Rxd8 20. Bxd8 Nxf3 1-0

[Event "Live Chess"]
[Site "Chess.com"]
[Date "2023.05.21"]
[Round "-"]
[White "JohanKjeldahl"]
[Black "karimghalambaz"]
[Result "1-0"]
[WhiteElo "1875"]
[BlackElo "1280"]
[TimeControl "300"]
[EndTime "16:04:23 PDT"]
[Termination "JohanKjeldahl won by resignation"]

1. e4 c5 2. Nf3 d6 3. d4 cxd4 4.
Nxd4 Nc6 5. Nc3 g6 6. Be3 Bg7 7. f3 Nf6 8. Bc4 O-O 9. Qd2 Re8 10. O-O-O a6 11. h4 h5 12. Rdg1 Rb8 13. g4 e5 14.
Nxc6 bxc6 15. gxh5 Nxh5 16. Bg5 Qc7 17. Bb3 d5 18.
exd5 cxd5 19. Nxd5 Qc5 20. Ne7+ Rxe7 21. Qd8+ Bf8 22.
Bxe7 Qxe7 23. Qd3 Qf6 24. Rxg6+ Bg7 25. Rxf6 Nxf6 26. Rg1 Be6 27. Bxe6 fxe6 28. Qg6 Rb7 29. Qxf6 Rf7 30. Qxe6 Kf8 31. Qc8+ Ke7 32. Qxa6 Rxf3 33. Rxg7+ 1-0

[Event "Live Chess"]
[Site "Chess.com"]
[Date "2023.05.21"]
[Round "-"]
[White "jennybobby44"]
[Black "flyingpuffins"]
[Result "0-1"]
[WhiteElo "1844"]
[BlackElo "1936"]
[TimeControl "300"]
[EndTime "16:04:54 PDT"]
[Termination "flyingpuffins won by resignation"]

1. Nf3 d5 2. d4 Nf6 3. g3 e6 4. Bg2 Be7 5. O-O O-O 6. c4 dxc4 7. Qc2 b6 8. Qxc4 Bb7 9. Rd1 Nbd7 10. Nc3 Rc8 11. Qb3 c5 12. dxc5 Bxc5 13. Bg5 Qc7 14. Rac1 Ng4 15. Rf1 h6 16. Bd2 Qb8 17. h3 Nge5 18.
Na4 Nxf3+ 19. Bxf3 Bxf3 20. exf3 Qxg3+ 21. Kh1 Qxh3+ 22. Kg1 Qg3+ 23. Kh1 Bxf2 0-1

[Event "Live Chess"]
[Site "Chess.com"]
[Date "2023.05.21"]
[Round "-"]
[White "SupremeTactician"]
[Black "birdseed45"]
[Result "1-0"]
[WhiteElo "2335"]
[BlackElo "1865"]
[TimeControl "300"]
[EndTime "16:05:09 PDT"]
[Termination "SupremeTactician won by resignation"]

1. e4 c5 2. Nf3 Nc6 3. d4 cxd4 4.
Nxd4 e5 5. Nb5 d6 6. N1c3 a6 7. Na3 Nf6 8. Bg5 Be7 9. Bxf6 Bxf6 10.
Nd5 Bg5 11. c4 O-O 12. b4 Be6 13. Rb1 Bxd5 14. cxd5 Nd4 15. Bd3 Rc8 16. O-O Qf6 17. Nc4 b5 18. Nb6 Rc3 19. Nd7 Qg6 20. Nxf8 Kxf8 21. Kh1 Bf4 22. g3 Bg5 23. f4 exf4 24.
gxf4 Be7 25. Rc1 Rxc1 26. Qxc1 f6 27. Qc3 Ne2 28. Bxe2 Qxe4+ 29. Bf3 Qxf4 30. Qc8+ Kf7 31. Bh5+ 1-0

[Event "Live Chess"]
[Site "Chess.com"]
[Date "2023.05.21"]
[Round "-"]
[White "KeithArkell"]
[Black "chessfiction"]
[Result "1-0"]
[WhiteElo "2611"]
[BlackElo "2353"]
[TimeControl "300"]
[EndTime "16:05:25 PDT"]
[Termination "KeithArkell won by resignation"]

1. d4 d6 2. Nf3 Nf6 3. g3 g6 4. Bg2 Bg7 5. c4 O-O 6. Nc3 Bd7 7. d5 c5 8. O-O a6 9. a4 Bg4 10. h3 Bxf3 11. exf3 Nbd7 12. f4 Rb8 13. Re1 Re8 14.
Qd3 Qc7 15. Bd2 e6 16. dxe6 fxe6 17. Rad1 Nf8 18. Bc1 Red8 19. g4 b5 20. axb5 d5 21. cxd5 c4 22. d6 Qc5 23. Qe3 Qxe3 24. Bxe3 axb5 25.
Ba7 b4 26. Bxb8 bxc3 27. Bc7 cxb2 28. Bxd8 c3 29. Re2 Nd5 30. Bxd5 exd5 31. Rc2 d4 32.
Ba5 d3 33. Rxc3 Bxc3 34. Bxc3 Kf7 35. Bxb2 Ke6 36. Rxd3 Nd7 37. Be5 1-0

[Event "Live Chess"]
[Site "Chess.com"]
[Date "2023.05.21"]
[Round "-"]
[White "mikkyb4"]
[Black "NAZRIZ1977"]
[Result "0-1"]
[WhiteElo "1031"]
[BlackElo "2049"]
[TimeControl "300"]
[EndTime "16:05:37 PDT"]
[Termination "NAZRIZ1977 won by resignation"]

1. e4 c5 2. a3 d5 3. exd5 Qxd5 4. c4 Qd8 5. b4 Nf6 6. Nf3 Bg4 7. Be2 g6 8. Bb2 Bg7 9. O-O O-O 10. Ne5 Bxe2 11.
Qxe2 Nfd7 12. d3 Nxe5 13. Bxe5 Bxe5 14. Qxe5 cxb4 15. axb4 Qxd3 16. Nc3 Nc6 17. Qe1 Nxb4 18. Rd1 Qxc4 19. Ne4 Rfd8 20. Nd2 Qe6 21. Qxe6 fxe6 22. Nf3 Rxd1 23. Rxd1 a5 24. Ng5 a4 25. Nxe6 a3 26. Nc7 Rc8 27. Nb5 a2 28. Ra1 Ra8 29. Nc7 Nc2 0-1

[Event "Live Chess"]
[Site "Chess.com"]
[Date "2023.05.21"]
[Round "-"]
[White "Jo1ts"]
[Black "xx_blindpuffin_xx"]
[Result "0-1"]
[WhiteElo "779"]
[BlackElo "2208"]
[TimeControl "300"]
[EndTime "16:05:49 PDT"]
[Termination "xx_blindpuffin_xx won by resignation"]

1. d4 c5 2. Bf4 cxd4 3. Qxd4 Nc6 4. Qa4 Qb6 5. b3 d6 6. e4 Bd7 7. Qa3 Nf6 8. Nf3 Nxe4 9. Bd3 Nc5 10. Be3 Nxd3+ 11.
cxd3 Qb4+ 12. Qxb4 Nxb4 13. O-O Nc2 14. Bd4 Nxa1 15. Bxa1 e5 16. d4 e4 17. Ng5 d5 18.
f3 Be7 19. Nh3 Bxh3 20. gxh3 exf3 21. Rxf3 O-O 22. Nd2 Rac8 23. Bb2 Rc2 0-1